 Dungeon Crawl Stone Soup version 0.23-a0-143-g1adec7b (webtiles) character file.

28 galech the Skirmisher (level 3, 22/29 HPs)
             Began as a Demonspawn Monk on Sept 4, 2018.
             Quit the game on level 2 of the Dungeon.
             The game lasted 00:01:08 (862 turns).

galech the Skirmisher (Demonspawn Monk)              Turns: 862, Time: 00:01:09

Health: 22/29      AC: 10    Str: 11    XL:     3   Next: 0%
Magic:  3/3        EV:  5    Int: 11    God:
Gold:   52         SH:  0    Dex: 16    Spells: 2/2 levels left

rFire    . . .     SeeInvis .   a - +0 hand axe
rCold    . . .     Gourm    .   (no shield)
rNeg     . . .     Faith    .   j - +0 chain mail
rPois    .         Spirit   .   (no helmet)
rElec    .         Reflect  .   (no cloak)
rCorr    .         Harm     .   (no gloves)
MR       .....                  (no boots)
Stlth    ..........             (no amulet)
HPRegen  0.09/turn              (no ring)
MPRegen  0.08/turn              (no ring)

@: no status effects
A: talons 1, slimy green scales 1
a: no special abilities


You were on level 2 of the Dungeon.
You were not hungry.

You visited 1 branch of the dungeon, and saw 2 of its levels.

You collected 52 gold pieces.

Inventory:

Hand Weapons
 a - a +0 hand axe (weapon)
Armour
 j - a +0 chain mail (worn)
Wands
 f - a wand of polymorph (12)
Scrolls
 b - 2 scrolls of identify {unknown}
 i - a scroll of remove curse {unknown}
Potions
 d - a potion of agility {unknown}
 g - a potion of magic {unknown}
Comestibles
 c - 6 rations
 h - 5 chunks of flesh


   Skills:
 + Level 3.3 Fighting
 + Level 3.1 Axes
 + Level 0.1 Armour
 + Level 3.1 Dodging
 + Level 2.0 Stealth


You had 2 spell levels left.
You didn't know any spells.
Your spell library was empty.

Dungeon Overview and Level Annotations

Branches:
Dungeon (2/15)

Altars:


Innate Abilities, Weirdness & Mutations

You have sharp toenails.
You are partially covered in slimy green scales. (AC +2)


Message History

Drop what? 10/52 slots (_ for help) (? for menu, Esc to quit)
You drop a +0 leather armour.
You start resting.
Things that are here:
an enchanted short sword; an orc skeleton
There is an open door here.
You open the door. 2 hobgoblins come into view.
The hobgoblin shouts! x2
Found 13 stones.
The hobgoblin hits you but does no damage.
There is an open door here.
You hit the hobgoblin.
You kill the hobgoblin!
You have reached level 3!
Your experience leads to an increase in your attributes!
Increase (S)trength, (I)ntelligence, or (D)exterity?
You feel agile.
Your demonic ancestry asserts itself...
Your toenails lengthen and sharpen.
Are you sure you want to abandon this character and quit the game? (Confirm

......#.##.#
.###.###.#.########
#.# ##.......... ##
#.#.########
#####....### ####
##...###....##...##
##.....##...##.....#
#.......#...#.......
#..[)...'...@g...(..
#.......#...#.......
##.....##...##.....#
##...###...# #...##
##### #...# ####
#...# #...# #...#


You could see a hobgoblin.

Vanquished Creatures
  An orc (D:2)
  2 bats
  2 giant cockroaches (D:1)
  5 hobgoblins
  A ball python (D:2)
  4 frilled lizards
  5 goblins
  3 kobolds
  3 rats
26 creatures vanquished.

Notes
Turn   | Place    | Note
-------+----------+-------------------------------------------
     0 | D:1      | galech the Demonspawn Monk began the quest for the Orb.
     0 | D:1      | Reached XP level 1. HP: 18/18 MP: 1/1
   250 | D:1      | Gained mutation: You are partially covered in slimy green
                  | scales. (AC +2) [demonic ancestry]
   250 | D:1      | Reached XP level 2. HP: 21/24 MP: 2/2
   861 | D:2      | Gained mutation: You have sharp toenails. [demonic
                  | ancestry]
   861 | D:2      | Reached XP level 3. HP: 21/29 MP: 3/3
   862 | D:2      | Quit the game

Vault maps used:
D:1:      ncdulo_smallfort
D:2:      kennysheep_six_static_rooms, nicolae_gozag_seed_capital, first_ration,
          minmay_lizard_king

Skill      XL: |  1  2 |
---------------+-------+-----
Dodging        | 3 |  3.1
Axes           | 3 |  3.1
Stealth        | 2 |  2.0
Fighting       | |  3.3
Armour         | |  0.1

Action                   || total
-------------------------++-------
Melee: Hand axe          ||    83
 Stab: Sleeping          ||     3
       Distracted        ||     1
Armor: Robe              ||     2
       Leather armour    ||    27
       Chain mail        ||     1
Dodge: Dodged            ||    66

Table legend:
 A = Non-vault XP
 B = Vault XP
 C = Vault XP percentage of total XP
 D = Non-vault monster count
 E = Vault monster count
 F = Vault count percentage of total count
                 A         B        C        D         E       F
            +---------+---------+-------+---------+---------+-------
      Total |      38 |       3 |   7.3 |      25 |       1 |   3.8
            +---------+---------+-------+---------+---------+-------
        D:1 |      28 |       0 |   0.0 |      18 |       0 |   0.0
        D:2 |      10 |       3 |  23.1 |       7 |       1 |  12.5
            +---------+---------+-------+---------+---------+-------
